 Dungeon Crawl Stone Soup version 0.27.1-2-g3b301248ec (webtiles) character file.

Game seed: 16365220804281679894

719 H0rd4k the Insei (level 7, -8/40 (43) HPs)
             Began as an Octopode Transmuter on Sept 27, 2021.
             Mangled by Edmund (16 damage)
             ... on level 3 of the Dungeon.
             The game lasted 00:04:48 (4885 turns).

H0rd4k the Insei (Octopode Transmuter)              Turns: 4885, Time: 00:04:48

HP:   -8/40 (43)    AC:  2    Str:  9    XL:     7   Next: 70%
MP:   9/12          EV: 20    Int: 18    God:
Gold: 129           SH:  0    Dex: 17    Spells: 9/13 levels left

rFire    . . .     SeeInvis .     - Unarmed
rCold    + . .     Faith    +   (shield currently unavailable)
rNeg     . . .     Spirit   .   (helmet currently unavailable)
rPois    x         Reflect  .   l - amulet of faith
rElec    .         Harm     .   a - ring of protection from cold
rCorr    .         Rampage  .   (no ring)
Will     .....                  (no ring)
Stlth    +++.......             (no ring)
HPRegen  0.13/turn              (no ring)
MPRegen  0.13/turn              (no ring)
                                (no ring)
                                (no ring)

@: spider-form, drained
A: venomous fangs, almost no armour, (amphibious), 8 rings, tiny, (camouflage
1), (gelatinous body 1), (nimble swimmer 1), (tentacles)
a: End Transformation


You were on level 3 of the Dungeon.
You were a venomous arachnid creature.
You visited 1 branch of the dungeon, and saw 4 of its levels.
You also visited: Sewer.

You collected 129 gold pieces.

Inventory:

Missiles
 g - 43 poisoned darts
Magical Staves
 n - a staff of earth
Jewellery
 a - a ring of protection from cold (left front leg)
 l - an amulet of faith (around neck)
Scrolls
 b - 4 scrolls of identify {unknown}
 e - 2 scrolls of fog {unknown}
 f - 2 scrolls of teleportation {unknown}
 h - a scroll of magic mapping {unknown}
 i - a scroll of enchant armour {unknown}
 k - a scroll of silence {unknown}
 m - a scroll of brand weapon {unknown}
Potions
 c - a potion of might {unknown}
 d - a potion of curing
 j - a potion of haste {unknown}


   Skills:
 + Level 1.4 Fighting
 + Level 3.1 Dodging
 + Level 3.8 Stealth
 + Level 5.6 Unarmed Combat
 * Level 3.5 Spellcasting
 * Level 3.5 Transmutations
 * Level 3.0 Poison Magic


You had 9 spell levels left.
You knew the following spells:

 Your Spells              Type           Power      Damage    Failure   Level
a - Beastly Appendage     Tmut           30%        N/A       12%         1
b - Spider Form           Tmut/Pois      7%         N/A       28%         3

Your spell library contained the following spells:

 Spells                   Type           Power      Damage    Failure   Level
 Wereblood                Tmut           15%        N/A       16%         2
 Gell's Gravitas          Tloc           1%         N/A       65%         3
 Lesser Beckoning         Tloc           1%         N/A       65%         3
 Teleport Other           Tloc           3%         N/A       65%         3
 Ice Form                 Ice/Tmut       9%         N/A       78%         4


Dungeon Overview and Level Annotations

Branches:
Dungeon (4/15)              Sewer (visited)
 Temple: D:4-7

Altars:
Fedhas

Annotations:
D:3 Edmund


Innate Abilities, Weirdness & Mutations

You are a venomous arachnid creature.
You have poisonous fangs.
You are tiny and dextrous.
Your spellcasting is less reliable in this form.
Your armour is entirely melded.
You are incapable of wielding weapons or throwing items.
You cannot wear most types of armour.
((You are amphibious.))
You can wear up to eight rings at the same time.
((Your skin changes colour to match your surroundings (Stealth+).))
((Your rubbery body absorbs attacks. (AC +1, EV +1)))
((You are camouflaged near water. (Stealth+)))
((You have tentacles for arms and can constrict up to eight enemies at once.))


Message History

A water moccasin skeleton comes into view.
Edmund hits you with a +2 dire flail of draining!
You feel drained.
You tentacle-slap Edmund but do no damage.
You grab Edmund. You squeeze Edmund, but do no damage. You constrict Edmund.
Edmund completely misses you.
You tentacle-slap Edmund but do no damage.
You squeeze Edmund, but do no damage.
Edmund is lightly wounded.
You constrict Edmund. You tentacle-slap Edmund.
Edmund is lightly wounded.
You constrict Edmund.
Edmund hits you with a +2 dire flail of draining.
You feel drained.
You release your grip on Edmund.
There is a stone staircase leading up here.
The goblin hits you with a +0 dagger. Edmund barely misses you.
You climb upwards.
There is a stone staircase leading down here.
Casting: Spider Form (dangerous; 12% risk of failure)
Confirm with . or Enter, or press ? or * to list all spells.
You turn into a venomous arachnid creature.
Edmund barely misses you.
You hit Edmund.
Edmund is poisoned.
Edmund is moderately wounded.
Edmund drinks a potion.
Edmund is healed!
Edmund looks more healthy.
You hit Edmund but do no damage.
Edmund is poisoned.
Edmund barely misses you.
You hit Edmund.
Edmund looks as sick as possible!
Edmund is lightly wounded.
Edmund closely misses you.
You barely miss Edmund.
Edmund is moderately wounded.
Edmund hits you with a +2 dire flail of draining!
* * * LOW HITPOINT WARNING * * *
You feel drained.
You hit Edmund.
Edmund looks as sick as possible!
Edmund is heavily wounded.
Edmund hits you with a +2 dire flail of draining!
You die...

#.#######.# #.#### #.#
#....# #.# #....# #.#
#....# #.# #....####.#
## #....'....#
.####....#########
.'............g@s#
.####.#.#####.########
.# #.#..............#
## #.#_.............#
#.#..............#
#.#.....#'########
#.#####.#.#
#####.........#
............###


You could see Edmund (extremely poisoned) and a goblin.

Vanquished Creatures
  An ogre (D:2)
  6 kobold brigands (Sewer)
  A hound (D:4)
  3 gnolls (D:3)
  6 adders
  2 river rats
  8 worms
  3 dart slugs
  10 ball pythons
  A bat (D:2)
  6 endoplasms
  A giant cockroach (D:2)
  11 goblins
  4 hobgoblins
  4 jackals (D:1)
  2 quokkas
  2 frilled lizards (D:1)
  9 kobolds
  7 rats
87 creatures vanquished.

Vanquished Creatures (others)
  A plant (D:2)
1 creature vanquished.

Grand Total: 88 creatures vanquished

Notes
Turn   | Place    | Note
-------+----------+-------------------------------------------
     0 | D:1      | H0rd4k the Octopode Transmuter began the quest for the Orb.
     0 | D:1      | Reached XP level 1. HP: 13/13 MP: 3/3
    80 | D:1      | Reached XP level 2. HP: 18/18 MP: 5/5
   749 | D:2      | Reached XP level 3. HP: 17/23 MP: 4/6
   751 | D:2      | You fall into a shaft and drop 2 floors!
   772 | D:4      | Found a glowing drain.
   801 | Sewer    | Entered a sewer
  1069 | Sewer    | Noticed a kobold brigand
  1079 | Sewer    | Killed a kobold brigand
  1080 | Sewer    | Reached skill level 4 in Unarmed Combat
  1080 | Sewer    | Reached XP level 4. HP: 28/28 MP: 5/7
  1227 | Sewer    | Reached skill level 1 in Stealth
  1227 | Sewer    | Reached XP level 5. HP: 33/33 MP: 6/8
  1239 | Sewer    | Learned a level 3 spell: Spider Form
  1368 | Sewer    | Noticed a kobold brigand
  1368 | Sewer    | Noticed a kobold brigand
  1378 | Sewer    | Killed a kobold brigand
  1379 | Sewer    | Reached skill level 1 in Poison Magic
  1600 | Sewer    | Killed a kobold brigand
  1601 | Sewer    | Reached skill level 5 in Unarmed Combat
  1601 | Sewer    | Reached XP level 6. HP: 31/38 MP: 8/10
  2666 | Sewer    | Reached XP level 7. HP: 36/43 MP: 11/11
  3159 | D:3      | Found a blossoming altar of Fedhas.
  4076 | D:3      | Found a faded altar of an unknown god.
  4873 | D:4      | Noticed Edmund
  4885 | D:3      | Mangled by Edmund

Illustrated notes

Levels and vault maps discovered:
D:1:      dpeg_arrival_chambers_temple_mockup, layout_basic
D:2:      layout_basic, guppyfry_early_lair_pool
D:3:      layout_basic, overflow_temple_1_default, basic_ecumenical_altar
D:4:      layout_cave_pools, mainiacjoe_overflow_divided_tiny,
          cheibrodos_sewer_entry_sluice, uniq_edmund

Skill      XL: |  1  2  3  4  5  6  7 |
---------------+----------------------+-----
Unarmed Combat | 4 5 |  5.6
Stealth        | 1 2 3 |  3.8
Poison Magic   | 1 2 3 |  3.0
Spellcasting   | 3 |  3.5
Transmutations | 3 |  3.5
Dodging        | 3 |  3.1
Fighting       | |  1.4

Action                   |  1- 3 |  4- 6 |  7- 9 || total
-------------------------+-------+-------+-------++-------
Melee: Unarmed           |    50 |    72 |   113 ||   235
       Constrict         |    12 |    16 |    16 ||    44
       Tentacles         |    16 |    13 |     7 ||    36
       Punch             |     3 |     6 |       ||     9
       Kick              |     4 |    14 |     5 ||    23
 Cast: Beastly Appendage |     3 |     9 |     2 ||    14
       Spider Form       |       |       |     5 ||     5
 Stab: Sleeping          |     1 |     9 |    17 ||    27
Armor: Skin              |     3 |     1 |     5 ||     9
Dodge: Dodged            |    36 |    27 |    62 ||   125
